AoeStats
← Jan

Black Forest

506703818Analyzed
4v4 RM · 19d ago on Sep 14, 2026· 66m 27s· 8 players
Game mode
Random Map
Map size
Large (8 player)
Population
200
Speed
Normal
Resources
Standard
Victory
Conquest
Starting age
Dark Age
Ending age
Imperial Age
RankedLock teamsTeams togetherTeam positionsShared explorationLock speedFull tech treeHidden civsTurbo modeCheats
Victory
Defeat
🇫🇷 Saracens · France
965
+13
🇹🇷 Britons · Türkiye
952
+13
🇩🇪 Portuguese · Germany
878
+16
🇹🇷 Turks · Türkiye
854
+17
🇵🇪 Burgundians · Peru
1026
-20
🇩🇪 Franks · Germany
893
-15
🇵🇪 Huns · Peru
856
-14
🇵🇪 Slavs · Peru
759
-10
-Nv.~|Annier^^!|
0:59 Loom
14:14 Feudal Age
15:29 Wheelbarrow
14:41 Double-Bit Axe
16:26 Horse Collar
23:42 Castle Age
22:45 Stone Mining
22:48 Gold Mining
24:55 Hand Cart
25:06 Bow Saw
25:36 Heavy Plow
27:25 Detinets
29:19 Gold Shaft Mining
32:13 Imperial Age
31:37 Caravan
32:22 Town Watch
34:07 Two-Man Saw
33:39 Conscription
35:02 Forging
35:13 Ballistics
35:38 Scale Barding Armor
34:59 Onager
36:31 Crop Rotation
38:12 Fletching
38:58 Iron Casting
39:33 Scale Mail Armor
39:46 Masonry
40:37 Chemistry
40:18 Fortified Wall
42:00 Chain Barding Armor
41:08 Pikeman
41:49 Squires
42:32 Halberdier
43:32 Siege Engineers
43:23 Murder Holes
43:14 Light Cavalry
44:05 Bloodlines
43:55 Husbandry
44:51 Bodkin Arrow
45:57 Blast Furnace
44:40 Hussar
47:27 Plate Barding Armor
49:10 Chain Mail Armor
49:15 Siege Onager
51:17 Plate Mail Armor
50:49 Druzhina
53:46 Cavalier
Jan
2:55 Loom
15:13 Feudal Age
15:56 Double-Bit Axe
17:44 Gold Mining
24:01 Castle Age
23:10 Stone Mining
25:17 Husbandry
25:27 Scale Barding Armor
25:35 Bow Saw
25:32 Town Watch
29:11 Wheelbarrow
29:30 Forging
31:37 Chain Barding Armor
33:49 Hand Cart
36:59 Fishing Lines
40:15 Imperial Age
38:09 Fortified Wall
38:32 Masonry
42:25 Fletching
42:57 Ballistics
42:41 Murder Holes
45:02 Cavalier
46:44 Conscription
46:28 Chivalry
50:27 Plate Barding Armor
50:25 Architecture
51:20 Siege Engineers
51:22 Bodkin Arrow
55:00 Onager
GoEchi
0:31 Loom
12:54 Feudal Age
13:24 Double-Bit Axe
16:45 Horse Collar
20:43 Castle Age
20:17 Gold Mining
20:20 Stone Mining
24:17 Gold Shaft Mining
24:36 Bow Saw
24:58 Heavy Plow
27:17 Wheelbarrow
26:38 Town Watch
29:34 Scale Barding Armor
31:18 Chain Barding Armor
31:10 Forging
31:20 Hand Cart
35:13 Imperial Age
34:18 Iron Casting
33:45 Padded Archer Armor
33:36 Fletching
33:59 Masonry
34:50 Husbandry
35:00 Bloodlines
34:12 Light Cavalry
34:55 Scale Mail Armor
35:12 Leather Archer Armor
35:25 Town Patrol
35:36 Bodkin Arrow
35:56 Chain Mail Armor
35:09 Pikeman
35:49 Squires
37:07 Two-Man Saw
36:44 Elite Tarkan
37:29 Marauders
38:38 Chemistry
38:45 Atheism
38:40 Caravan
39:10 Coinage
38:32 Hussar
40:38 Squires
39:59 Halberdier
42:16 Blast Furnace
41:52 Plate Barding Armor
41:20 Bracer
42:01 Elite Skirmisher
42:46 Thumb Ring
45:42 Arson
45:28 Capped Ram
46:20 Siege Ram
MapacheZebra
2:09 Loom
7:03 Wheelbarrow
8:40 Wheelbarrow
12:00 Double-Bit Axe
15:18 Feudal Age
15:49 Man-at-Arms
17:10 Arson
19:34 Horse Collar
21:45 Hand Cart
24:31 Bow Saw
24:14 Gold Mining
24:15 Stone Mining
29:18 Castle Age
27:44 Heavy Plow
29:47 Gold Shaft Mining
29:02 Stone Mining
35:17 Crop Rotation
34:29 Pikeman
35:09 Squires
35:15 Squires
34:35 Pikeman
36:08 Fletching
39:15 Imperial Age
39:15 Two-Man Saw
42:56 Fortified Wall
43:03 Murder Holes
48:54 Two-Man Saw
50:49 Husbandry
50:09 Light Cavalry
50:39 Cavalier
54:44 Paladin
60:35 Forging
60:31 Scale Barding Armor
ertk
0:56 Loom
12:03 Feudal Age
13:26 Wheelbarrow
12:40 Double-Bit Axe
17:39 Castle Age
15:30 Horse Collar
18:59 Bow Saw
21:56 Heavy Plow
28:50 Gold Mining
31:46 Imperial Age
29:48 Squires
30:38 Treadmill Crane
31:19 Ballistics
31:47 Gold Shaft Mining
31:02 Stone Mining
31:53 Husbandry
32:03 Bloodlines
32:20 Heavy Camel Rider
34:25 Masonry
35:22 Artillery
36:46 Padded Archer Armor
36:37 Fletching
36:48 Scale Mail Armor
36:53 Scale Barding Armor
36:59 Forging
37:38 Caravan
37:32 Elite Janissary
38:33 Conscription
38:54 Bombard Tower
38:52 Leather Archer Armor
38:33 Bodkin Arrow
44:29 Ring Archer Armor
43:59 Bracer
44:16 Chain Mail Armor
44:21 Chain Barding Armor
44:37 Iron Casting
49:45 Plate Barding Armor
49:40 Plate Mail Armor
50:11 Blast Furnace
58:58 Hand Cart
58:29 Town Watch
DE 2xN IS
14:50 Feudal Age
20:20 Castle Age
18:50 Gold Mining
18:46 Horse Collar
20:07 Stone Mining
21:48 Stone Shaft Mining
26:54 Imperial Age
24:24 Double-Bit Axe
25:00 Heavy Plow
34:29 Elite Organ Gun
36:21 Crop Rotation
38:30 Arquebus
38:51 Conscription
39:46 Chemistry
40:01 Ballistics
41:49 Bow Saw
43:48 Two-Man Saw
43:45 Guard Tower
47:54 Keep
49:15 Bombard Tower
62:30 Ballistics
63:36 Loom
64:27 Wheelbarrow
63:37 Town Watch
63:48 Heated Shot
63:38 Treadmill Crane
64:09 Masonry
64:04 Siege Engineers
63:55 Murder Holes
64:10 Fortified Wall
64:06 Siphons
64:12 Careening
64:13 Clinker Construction
64:07 Caravan
64:38 Coinage
64:18 Guilds
64:16 Scale Barding Armor
64:11 Scale Mail Armor
64:21 Forging
64:12 Padded Archer Armor
64:04 Fletching
64:16 Circumnavigation
63:47 Sappers
65:39 Chain Barding Armor
65:37 Chain Mail Armor
65:56 Architecture
Kebabs&Roses
1:04 Loom
12:40 Feudal Age
16:56 Castle Age
14:52 Double-Bit Axe
15:56 Stone Mining
19:35 Fletching
20:59 Bodkin Arrow
27:30 Wheelbarrow
27:01 Gold Mining
27:24 Bow Saw
26:59 Horse Collar
28:40 Caravan
29:22 Heavy Plow
29:49 Hand Cart
30:38 Pikeman
32:18 Gold Shaft Mining
35:04 Imperial Age
33:43 Padded Archer Armor
33:44 Scale Mail Armor
33:33 Town Watch
34:38 Ballistics
36:00 Bracer
36:30 Town Patrol
36:48 Leather Archer Armor
37:42 Chemistry
37:18 Conscription
39:42 Ring Archer Armor
38:35 Halberdier
38:57 Elite Longbowman
41:26 Yeomen
46:16 Siege Engineers
46:23 Masonry
57:54 Guilds
58:14 Coinage
65:31 Spies/Treason
aegis38
0:38 Loom
13:29 Feudal Age
14:15 Double-Bit Axe
14:31 Horse Collar
22:50 Castle Age
20:44 Gold Mining
20:46 Stone Mining
24:18 Caravan
26:14 Wheelbarrow
26:04 Heavy Plow
27:29 Bloodlines
30:04 Town Watch
30:46 Forging
31:34 Husbandry
31:43 Scale Barding Armor
32:14 Iron Casting
37:14 Imperial Age
34:51 Fletching
35:02 Padded Archer Armor
36:15 Bow Saw
36:18 Treadmill Crane
37:15 Ballistics
37:44 Chain Barding Armor
37:21 Bodkin Arrow
38:10 Hand Cart
37:22 Elite Mameluke
38:26 Conscription
38:37 Fortified Wall
38:25 Murder Holes
40:33 Blast Furnace
40:09 Plate Barding Armor
40:19 Siege Engineers
41:49 Chemistry
41:45 Counterweights
42:09 Bracer
41:34 Light Cavalry
43:58 Leather Archer Armor
45:13 Hoardings
46:44 Ring Archer Armor
45:51 Onager
48:05 Masonry
48:46 Siege Onager
50:09 Gold Shaft Mining
50:13 Coinage
50:35 Town Patrol
67:22 Two-Man Saw
66:45 Careening
66:26 Guard Tower
66:22 Arrowslits
66:43 Siphons
Connection lost

Rejoining the realm…

Still unreachable

The connection could not be restored.

Session expired

The server has moved on; the page needs a fresh start.